Connexion

WASHINGTON Capitals vs PITTSBURGH Penguins (R4)

Created - 16 avril 2024 at 05:53

Goals
1 2 3 T
WASHINGTON Capitals 1 2 1 4
PITTSBURGH Penguins 1 0 2 3
Shots
1 2 3 T
WASHINGTON Capitals 5 13 11 29
PITTSBURGH Penguins 10 5 9 24

GoalsPenalties
1st period
1. WASHINGTON Capitals , Shea Theodore 2 (Nikita Kucherov 4) at 13:18
2. PITTSBURGH Penguins , Trevor Carrick 2 (Gustav Nyquist 3, Andrei Svechnikov 4) at 18:51 (PP)
Brandon Hagel (WAS) for Delaying the game (Minor) at 0:08
Dryden Hunt (WAS) for Hooking (Minor) at 6:37
Sean Walker (WAS) for High sticking (Minor) at 17:33
2nd period
3. WASHINGTON Capitals , Mikey Eyssimont 1 (Alex Pietrangelo 2, Nick Jensen 3) at 9:17
4. WASHINGTON Capitals , Alex Killorn 3 (Denis Gurianov 2, Sean Walker 1) at 15:11
Kevin Connauton (PIT) for Hooking (Minor) at 2:06
Adam Larsson (PIT) for Roughing (Double Minor) at 10:13
Adam Larsson (PIT) for Hooking (Minor) at 15:57
3rd period
5. PITTSBURGH Penguins , Oliver Bjorkstrand 1 (Connor McDavid 1, Brad Marchand 3) at 1:46 (PP)
6. PITTSBURGH Penguins , Connor McDavid 2 (Brad Marchand 4, Adam Larsson 3) at 3:38 (PP)
7. WASHINGTON Capitals , Frederick Gaudreau 1 (Alex Pietrangelo 3, Jared McCann 3) at 15:14
Joel Hanley (WAS) for Slashing (Minor) at 0:14
Joel Hanley (WAS) for Tripping (Minor) at 2:05
Adam Larsson (PIT) for Slashing (Minor) at 5:48
Denis Gurianov (WAS) for Tripping (Minor) at 9:33
Goalie Stats
Jordan Binnington (WAS), 21 saves from 24 shots - (0,875), W, 3-1-0, 60:00 minutes
Jonathan Quick (PIT), 25 saves from 29 shots - (0,862), L, 0-1-0, 59:21 minutes
3 StarsOfficial
1 - Alex Pietrangelo (WAS)
2 - Alex Killorn (WAS)
3 - Mikey Eyssimont (WAS)
Referees : Ghislain Hebert and Frederick L'Ecuyer
Linesman : Jonny Murray and Lyle Seitz
Game Note
No Game Note
Finance
Level 1 -- Attendance: 5226 (87,10%) -- Ticket Income $747,318
Level 2 -- Attendance: 5087 (100,00%) -- Ticket Income $457,830
Level 3 -- Attendance: 2000 (100,00%) -- Ticket Income $106,000
Level 4 -- Attendance: 4000 (100,00%) -- Ticket Income $140,000
Luxury Box -- Attendance: 1000 (100,00%) -- Ticket Income $300,000
Game was played at the Consol Energy Center.
Total Attendance: 17313 (95,72%)
Total Ticket Income: $1,751,148
Other Income: $350,230
Total Income: $2,101,378



Team Name Goals Shots Shots Attemp Shots Blocked PIM HIT PP PK FO%
WASHINGTON Capitals 42963712240 / 5 (0%)363%
PITTSBURGH Penguins 324481410233 / 6 (50%)038%

WASHINGTON Capitals
Player Name POS G A P +/- PIM HIT SHT SB MP PP MP PP SHT PK MP PK SHT FO% FOT
Aleksander BarkovC0001061024:134:4414:30070% 27
Alex KillornC/LW/RW1012021016:405:1202:0900% 0
Alex PietrangeloD0222011323:584:2506:1600% 0
Andreas JohnssonLW/RW000101009:120:0000:0000% 1
Brandon HagelLW0001216022:394:4413:410100% 2
Denis GurianovLW/RW011222209:180:0000:0000% 0
Dryden HuntC/LW000022006:130:0000:00025% 4
Frederick GaudreauC/RW1011001119:585:1205:34065% 31
Givani SmithRW000000006:140:0000:0000% 1
Jared McCannC/LW0111006018:575:1223:490100% 2
Joel HanleyD0001441121:295:3112:2800% 0
Joel KivirantaLW000001007:110:0000:5700% 0
Mikey EyssimontC/LW101200209:190:0000:00055% 11
Nick JensenD0112000020:350:0006:1600% 0
Nikita KucherovRW0111004019:434:4410:0000% 1
Sean WalkerD0111220115:364:2500:0300% 0
Shea TheodoreD1011004025:375:3124:0400% 0
Slater KoekkoekD0001020112:420:0001:3300% 0
PITTSBURGH Penguins
Player Name POS G A P +/- PIM HIT SHT SB MP PP MP PP SHT PK MP PK SHT FO% FOT
Adam LarssonD011-2820021:514:5301:0800% 0
Alexander BarabanovLW/RW0000000010:320:4700:000100% 1
Andrei SvechnikovLW/RW011-2042018:584:3301:3900% 3
Anton LindholmD000-2021423:595:2704:5700% 0
Brad MarchandLW/RW022-2044024:165:0005:48050% 2
Connor McDavidC112-2002023:545:0015:26036% 39
Gustav NyquistC/LW/RW011-2002020:104:3302:51060% 5
Jake GardinerD000-2003525:595:1125:0200% 0
Justin KloosC/RW000000104:010:1600:00050% 2
Kevin ConnautonD000-2250214:560:4700:2800% 0
Matthew NietoLW/RW000000005:490:4701:1700% 0
Milan LucicLW000001003:450:0000:000100% 1
Oliver Bjorkstrand LW/RW101-2014021:195:0022:5100% 0
Ross ColtonC0000032010:320:4710:00056% 9
Steven SantiniD0000000112:580:0002:4200% 0
Trevor CarrickD1010012219:574:0615:3500% 0
Vitali KravtsovRW000000009:450:0000:0000% 0
William NylanderC/RW000-2001017:194:3310:00022% 18



Play-by-Play

1st period


0:01 of 1st period - Aleksander Barkov wins face-off versus Connor McDavid in neutral zone.
0:06 of 1st period - Adam Larsson is hit by Joel Hanley and loses puck.
0:08 of 1st period - Minor Penalty to Brandon Hagel for Delaying the game.
0:09 of 1st period - Aleksander Barkov wins face-off versus Connor McDavid in WASHINGTON Capitals zone.
1:07 of 1st period - Icing by Gustav Nyquist.
1:08 of 1st period - Frederick Gaudreau wins face-off versus William Nylander in PITTSBURGH Penguins zone.
2:04 of 1st period - Off-side.
2:05 of 1st period - Connor McDavid wins face-off versus Frederick Gaudreau in neutral zone.
2:19 of 1st period - Joel Kiviranta is hit by Ross Colton and loses puck.
2:45 of 1st period - Givani Smith is hit by Anton Lindholm and loses puck.
3:03 of 1st period - Brandon Hagel is hit by Kevin Connauton and loses puck.
3:34 of 1st period - Shot by Brandon Hagel.
3:34 of 1st period - Shot Misses the Net.
3:36 of 1st period - Shot by Aleksander Barkov.
3:36 of 1st period - Deflect By Brandon Hagel.
3:36 of 1st period - Stopped by Jonathan Quick with a rebound.
3:38 of 1st period - Shot by Nick Jensen.
3:38 of 1st period - Shot Misses the Net.
3:50 of 1st period - Frederick Gaudreau is hit by Brad Marchand and loses puck.
4:44 of 1st period - Icing by Jared McCann.
4:45 of 1st period - Frederick Gaudreau wins face-off versus William Nylander in WASHINGTON Capitals zone.
6:13 of 1st period - Andrei Svechnikov is hit by Aleksander Barkov and loses puck.
6:37 of 1st period - Minor Penalty to Dryden Hunt for Hooking.
6:38 of 1st period - Frederick Gaudreau wins face-off versus Connor McDavid in WASHINGTON Capitals zone.
6:38 of 1st period - Frederick Gaudreau is hit by Oliver Bjorkstrand .
7:28 of 1st period - Nick Jensen is hit by Brad Marchand and loses puck.
8:02 of 1st period - Shot by Ross Colton.
8:02 of 1st period - Stopped by Jordan Binnington with a rebound.
8:04 of 1st period - Shot by Alexander Barabanov.
8:04 of 1st period - Shot Blocked by Alex Pietrangelo.
8:42 of 1st period - Shot by Matthew Nieto.
8:42 of 1st period - Shot Misses the Net.
9:08 of 1st period - Shot by Denis Gurianov.
9:08 of 1st period - Stopped by Jonathan Quick without a rebound.
9:09 of 1st period - Ross Colton wins face-off versus Dryden Hunt in PITTSBURGH Penguins zone.
9:27 of 1st period - Icing by Ross Colton.
9:28 of 1st period - Mikey Eyssimont wins face-off versus Ross Colton in PITTSBURGH Penguins zone.
9:46 of 1st period - Icing by Shea Theodore.
9:47 of 1st period - Mikey Eyssimont wins face-off versus Connor McDavid in WASHINGTON Capitals zone.
9:58 of 1st period - Joel Hanley is hit by Trevor Carrick and loses puck.
10:13 of 1st period - Shot by Oliver Bjorkstrand .
10:13 of 1st period - Stopped by Jordan Binnington without a rebound.
10:14 of 1st period - William Nylander wins face-off versus Andreas Johnsson in WASHINGTON Capitals zone.
10:33 of 1st period - Shot by Gustav Nyquist.
10:33 of 1st period - Stopped by Jordan Binnington without a rebound.
10:34 of 1st period - Aleksander Barkov wins face-off versus Connor McDavid in WASHINGTON Capitals zone.
10:48 of 1st period - Brad Marchand is hit by Aleksander Barkov and loses puck.
10:54 of 1st period - Off-side.
10:55 of 1st period - Frederick Gaudreau wins face-off versus William Nylander in neutral zone.
10:55 of 1st period - Andreas Johnsson is hit by Andrei Svechnikov and loses puck.
11:22 of 1st period - Shot by William Nylander.
11:22 of 1st period - Shot Blocked by Frederick Gaudreau.
11:24 of 1st period - Shot by Gustav Nyquist.
11:24 of 1st period - Deflect By Andrei Svechnikov.
11:24 of 1st period - Shot Blocked by Joel Hanley.
11:26 of 1st period - Shot by Andrei Svechnikov.
11:26 of 1st period - Stopped by Jordan Binnington without a rebound.
11:27 of 1st period - Brad Marchand wins face-off versus Aleksander Barkov in WASHINGTON Capitals zone.
11:48 of 1st period - Shot by Brad Marchand.
11:48 of 1st period - Stopped by Jordan Binnington without a rebound.
11:49 of 1st period - Milan Lucic wins face-off versus Mikey Eyssimont in WASHINGTON Capitals zone.
12:22 of 1st period - Shot by Alex Killorn.
12:22 of 1st period - Deflect By Denis Gurianov.
12:22 of 1st period - Shot Misses the Net.
12:24 of 1st period - Shot by Sean Walker.
12:24 of 1st period - Shot Blocked by Jake Gardiner.
12:26 of 1st period - Shot by Mikey Eyssimont.
12:26 of 1st period - Shot Blocked by Jake Gardiner.
12:28 of 1st period - Shot by Denis Gurianov.
12:28 of 1st period - Shot Misses the Net.
12:48 of 1st period - Shot by Nikita Kucherov.
12:48 of 1st period - Stopped by Jonathan Quick without a rebound.
12:49 of 1st period - Connor McDavid wins face-off versus Aleksander Barkov in PITTSBURGH Penguins zone.
12:54 of 1st period - Shot by Oliver Bjorkstrand .
12:54 of 1st period - Deflect By Brad Marchand.
12:54 of 1st period - Shot Misses the Net.
12:56 of 1st period - Shot by Brad Marchand.
12:56 of 1st period - Stopped by Jordan Binnington without a rebound.
12:57 of 1st period - Aleksander Barkov wins face-off versus Connor McDavid in WASHINGTON Capitals zone.
13:18 of 1st period - Shot by Shea Theodore.
13:18 of 1st period - Goal by Shea Theodore - WASHINGTON Capitals : 1 - PITTSBURGH Penguins : 0.
13:19 of 1st period - Jared McCann wins face-off versus William Nylander in neutral zone.
13:49 of 1st period - Shot by Gustav Nyquist.
13:49 of 1st period - Stopped by Jordan Binnington without a rebound.
13:50 of 1st period - Aleksander Barkov wins face-off versus Connor McDavid in WASHINGTON Capitals zone.
14:13 of 1st period - Shot by Jake Gardiner.
14:13 of 1st period - Stopped by Jordan Binnington without a rebound.
14:14 of 1st period - Ross Colton wins face-off versus Dryden Hunt in WASHINGTON Capitals zone.
14:53 of 1st period - Off-side.
14:54 of 1st period - Aleksander Barkov wins face-off versus Connor McDavid in neutral zone.
15:01 of 1st period - Shot by Aleksander Barkov.
15:01 of 1st period - Shot Hit the Post.
15:10 of 1st period - Brad Marchand is hit by Joel Hanley.
16:24 of 1st period - Gustav Nyquist is hit by Joel Hanley and loses puck.
17:19 of 1st period - Shot by Frederick Gaudreau.
17:19 of 1st period - Shot Misses the Net.
17:22 of 1st period - Icing by Vitali Kravtsov.
17:23 of 1st period - Alexander Barabanov wins face-off versus Mikey Eyssimont in PITTSBURGH Penguins zone.
17:25 of 1st period - Vitali Kravtsov is hit by Alex Killorn and loses puck.
17:29 of 1st period - Anton Lindholm is hit by Sean Walker and loses puck.
17:33 of 1st period - Minor Penalty to Sean Walker for High sticking.
17:34 of 1st period - Frederick Gaudreau wins face-off versus Connor McDavid in WASHINGTON Capitals zone.
18:51 of 1st period - Shot by Trevor Carrick.
18:51 of 1st period - Goal by Trevor Carrick - WASHINGTON Capitals : 1 - PITTSBURGH Penguins : 1.
18:52 of 1st period - Ross Colton wins face-off versus Frederick Gaudreau in neutral zone.
18:59 of 1st period - Shot by Ross Colton.
18:59 of 1st period - Deflect By Vitali Kravtsov.
18:59 of 1st period - Shot Blocked by Sean Walker.
19:01 of 1st period - Shot by Ross Colton.
19:01 of 1st period - Stopped by Jordan Binnington without a rebound.
19:02 of 1st period - Aleksander Barkov wins face-off versus Justin Kloos in WASHINGTON Capitals zone.
19:02 of 1st period - Aleksander Barkov is hit by Milan Lucic.
19:14 of 1st period - Shot by Brandon Hagel.
19:14 of 1st period - Stopped by Jonathan Quick without a rebound.
19:15 of 1st period - Connor McDavid wins face-off versus Frederick Gaudreau in PITTSBURGH Penguins zone.
19:27 of 1st period - Off-side.
19:28 of 1st period - Aleksander Barkov wins face-off versus William Nylander in neutral zone.
19:36 of 1st period - Andrei Svechnikov is hit by Aleksander Barkov and loses puck.
Goals for this period are 1 for WASHINGTON Capitals vs 1 for PITTSBURGH Penguins.
Shots for this period are 5 for WASHINGTON Capitals vs 10 for PITTSBURGH Penguins.

2nd period


0:01 of 2nd period - Frederick Gaudreau wins face-off versus Connor McDavid in neutral zone.
0:04 of 2nd period - Jake Gardiner is hit by Andreas Johnsson and loses puck.
0:50 of 2nd period - Icing by Adam Larsson.
0:51 of 2nd period - Brandon Hagel wins face-off versus Connor McDavid in PITTSBURGH Penguins zone.
0:54 of 2nd period - Shot by Nikita Kucherov.
0:54 of 2nd period - Shot Misses the Net.
1:10 of 2nd period - Shot by Brandon Hagel.
1:10 of 2nd period - Shot Blocked by Jake Gardiner.
1:23 of 2nd period - Nikita Kucherov is hit by Ross Colton.
1:34 of 2nd period - Vitali Kravtsov is hit by Slater Koekkoek and loses puck.
2:06 of 2nd period - Minor Penalty to Kevin Connauton for Hooking.
2:07 of 2nd period - Connor McDavid wins face-off versus Frederick Gaudreau in PITTSBURGH Penguins zone.
2:15 of 2nd period - Adam Larsson is hit by Alex Killorn and loses puck.
2:35 of 2nd period - Icing by Shea Theodore.
2:36 of 2nd period - Connor McDavid wins face-off versus Frederick Gaudreau in WASHINGTON Capitals zone.
2:47 of 2nd period - Shot by Joel Hanley.
2:47 of 2nd period - Stopped by Jonathan Quick without a rebound.
2:48 of 2nd period - Gustav Nyquist wins face-off versus Aleksander Barkov in PITTSBURGH Penguins zone.
3:31 of 2nd period - Shot by Alex Pietrangelo.
3:31 of 2nd period - Deflect By Nikita Kucherov.
3:31 of 2nd period - Stopped by Jonathan Quick without a rebound.
3:32 of 2nd period - Frederick Gaudreau wins face-off versus Connor McDavid in PITTSBURGH Penguins zone.
3:43 of 2nd period - Shot by Shea Theodore.
3:43 of 2nd period - Shot Blocked by Trevor Carrick.
4:05 of 2nd period - Shot by Shea Theodore.
4:05 of 2nd period - Shot Blocked by Jake Gardiner.
4:07 of 2nd period - Shot by Givani Smith.
4:07 of 2nd period - Shot Misses the Net.
4:09 of 2nd period - Shot by Dryden Hunt.
4:09 of 2nd period - Shot Misses the Net.
4:37 of 2nd period - Ross Colton is hit by Dryden Hunt and loses puck.
5:11 of 2nd period - Shot by Aleksander Barkov.
5:11 of 2nd period - Shot Blocked by Kevin Connauton.
5:20 of 2nd period - Brandon Hagel is hit by Kevin Connauton and loses puck.
5:29 of 2nd period - Shot by Nikita Kucherov.
5:29 of 2nd period - Stopped by Jonathan Quick with a rebound.
6:29 of 2nd period - Icing by Shea Theodore.
6:30 of 2nd period - Connor McDavid wins face-off versus Frederick Gaudreau in WASHINGTON Capitals zone.
6:51 of 2nd period - Shot by Brad Marchand.
6:51 of 2nd period - Stopped by Jordan Binnington with a rebound.
6:53 of 2nd period - Shot by Connor McDavid.
6:53 of 2nd period - Stopped by Jordan Binnington without a rebound.
6:54 of 2nd period - Aleksander Barkov wins face-off versus William Nylander in WASHINGTON Capitals zone.
6:54 of 2nd period - Aleksander Barkov is hit by Andrei Svechnikov.
7:35 of 2nd period - Shot by William Nylander.
7:35 of 2nd period - Shot Misses the Net.
8:06 of 2nd period - Icing by Steven Santini.
8:07 of 2nd period - Dryden Hunt wins face-off versus Connor McDavid in PITTSBURGH Penguins zone.
8:22 of 2nd period - Shot by Oliver Bjorkstrand .
8:22 of 2nd period - Shot Misses the Net.
8:24 of 2nd period - Shot by Trevor Carrick.
8:24 of 2nd period - Stopped by Jordan Binnington with a rebound.
8:26 of 2nd period - Shot by Brad Marchand.
8:26 of 2nd period - Stopped by Jordan Binnington without a rebound.
8:27 of 2nd period - Frederick Gaudreau wins face-off versus Ross Colton in WASHINGTON Capitals zone.
8:37 of 2nd period - Shea Theodore is hit by Anton Lindholm and loses puck.
8:40 of 2nd period - Shot by Jared McCann.
8:40 of 2nd period - Stopped by Jonathan Quick without a rebound.
8:41 of 2nd period - William Nylander wins face-off versus Mikey Eyssimont in PITTSBURGH Penguins zone.
8:41 of 2nd period - William Nylander is hit by Denis Gurianov.
9:17 of 2nd period - Shot by Mikey Eyssimont.
9:17 of 2nd period - Goal by Mikey Eyssimont - WASHINGTON Capitals : 2 - PITTSBURGH Penguins : 1.
9:18 of 2nd period - Connor McDavid wins face-off versus Frederick Gaudreau in neutral zone.
9:21 of 2nd period - Shot by Oliver Bjorkstrand .
9:21 of 2nd period - Shot Misses the Net.
9:48 of 2nd period - Icing by Kevin Connauton.
9:49 of 2nd period - Connor McDavid wins face-off versus Aleksander Barkov in PITTSBURGH Penguins zone.
9:49 of 2nd period - Connor McDavid is hit by Brandon Hagel.
10:08 of 2nd period - Icing by Alex Pietrangelo.
10:09 of 2nd period - Aleksander Barkov wins face-off versus Andrei Svechnikov in WASHINGTON Capitals zone.
10:13 of 2nd period - Double Minor Penalty to Adam Larsson for Roughing.
10:14 of 2nd period - Frederick Gaudreau wins face-off versus Brad Marchand in PITTSBURGH Penguins zone.
10:29 of 2nd period - Shot by Shea Theodore.
10:29 of 2nd period - Stopped by Jonathan Quick without a rebound.
10:30 of 2nd period - Aleksander Barkov wins face-off versus Connor McDavid in PITTSBURGH Penguins zone.
11:01 of 2nd period - Shot by Alex Pietrangelo.
11:01 of 2nd period - Shot Blocked by Anton Lindholm.
11:26 of 2nd period - Icing by Jared McCann.
11:27 of 2nd period - Gustav Nyquist wins face-off versus Frederick Gaudreau in WASHINGTON Capitals zone.
11:38 of 2nd period - Shot by Shea Theodore.
11:38 of 2nd period - Deflect By Jared McCann.
11:38 of 2nd period - Stopped by Jonathan Quick without a rebound.
11:39 of 2nd period - Gustav Nyquist wins face-off versus Frederick Gaudreau in PITTSBURGH Penguins zone.
12:39 of 2nd period - Icing by Aleksander Barkov.
12:40 of 2nd period - Connor McDavid wins face-off versus Aleksander Barkov in WASHINGTON Capitals zone.
13:05 of 2nd period - Shot by Aleksander Barkov.
13:05 of 2nd period - Shot Misses the Net.
13:07 of 2nd period - Shot by Sean Walker.
13:07 of 2nd period - Shot Blocked by Trevor Carrick.
13:09 of 2nd period - Shot by Alex Pietrangelo.
13:09 of 2nd period - Shot Misses the Net.
13:11 of 2nd period - Shot by Alex Pietrangelo.
13:11 of 2nd period - Shot Misses the Net.
13:47 of 2nd period - Shot by Joel Hanley.
13:47 of 2nd period - Shot Blocked by Anton Lindholm.
13:49 of 2nd period - Shot by Jared McCann.
13:49 of 2nd period - Stopped by Jonathan Quick without a rebound.
13:50 of 2nd period - Aleksander Barkov wins face-off versus Gustav Nyquist in PITTSBURGH Penguins zone.
14:03 of 2nd period - Shot by Brandon Hagel.
14:03 of 2nd period - Stopped by Jonathan Quick without a rebound.
14:04 of 2nd period - Frederick Gaudreau wins face-off versus Connor McDavid in PITTSBURGH Penguins zone.
14:09 of 2nd period - Shot by Alex Pietrangelo.
14:09 of 2nd period - Shot Blocked by Jake Gardiner.
14:23 of 2nd period - Shot by Dryden Hunt.
14:23 of 2nd period - Shot Hit the Post.
15:09 of 2nd period - Shot by Denis Gurianov.
15:09 of 2nd period - Stopped by Jonathan Quick with a rebound.
15:11 of 2nd period - Shot by Alex Killorn.
15:11 of 2nd period - Goal by Alex Killorn - WASHINGTON Capitals : 3 - PITTSBURGH Penguins : 1.
15:12 of 2nd period - Brandon Hagel wins face-off versus Connor McDavid in neutral zone.
15:17 of 2nd period - Shot by Brandon Hagel.
15:17 of 2nd period - Stopped by Jonathan Quick without a rebound.
15:18 of 2nd period - Connor McDavid wins face-off versus Aleksander Barkov in PITTSBURGH Penguins zone.
15:18 of 2nd period - Connor McDavid is hit by Aleksander Barkov.
15:35 of 2nd period - Icing by Shea Theodore.
15:36 of 2nd period - Aleksander Barkov wins face-off versus William Nylander in WASHINGTON Capitals zone.
15:36 of 2nd period - Aleksander Barkov is hit by Andrei Svechnikov.
15:57 of 2nd period - Minor Penalty to Adam Larsson for Hooking.
15:58 of 2nd period - Frederick Gaudreau wins face-off versus Connor McDavid in PITTSBURGH Penguins zone.
16:59 of 2nd period - Shot by Shea Theodore.
16:59 of 2nd period - Shot Blocked by Steven Santini.
17:29 of 2nd period - Shot by Nikita Kucherov.
17:29 of 2nd period - Shot Misses the Net.
19:02 of 2nd period - Shot by Justin Kloos.
19:02 of 2nd period - Stopped by Jordan Binnington without a rebound.
19:03 of 2nd period - Aleksander Barkov wins face-off versus Andrei Svechnikov in WASHINGTON Capitals zone.
19:28 of 2nd period - Icing by Trevor Carrick.
19:29 of 2nd period - Frederick Gaudreau wins face-off versus William Nylander in PITTSBURGH Penguins zone.
19:44 of 2nd period - Shot by Jared McCann.
19:44 of 2nd period - Stopped by Jonathan Quick with a rebound.
Goals for this period are 2 for WASHINGTON Capitals vs 0 for PITTSBURGH Penguins.
Shots for this period are 13 for WASHINGTON Capitals vs 5 for PITTSBURGH Penguins.

3rd period


0:01 of 3rd period - Connor McDavid wins face-off versus Aleksander Barkov in neutral zone.
0:04 of 3rd period - Shea Theodore is hit by Brad Marchand and loses puck.
0:14 of 3rd period - Minor Penalty to Joel Hanley for Slashing.
0:15 of 3rd period - Frederick Gaudreau wins face-off versus William Nylander in WASHINGTON Capitals zone.
0:21 of 3rd period - Shot by Brandon Hagel.
0:21 of 3rd period - Shot Misses the Net.
0:50 of 3rd period - Shot by Jake Gardiner.
0:50 of 3rd period - Stopped by Jordan Binnington without a rebound.
0:51 of 3rd period - Frederick Gaudreau wins face-off versus Connor McDavid in WASHINGTON Capitals zone.
1:10 of 3rd period - Shot by Brad Marchand.
1:10 of 3rd period - Deflect By Oliver Bjorkstrand .
1:10 of 3rd period - Shot Blocked by Slater Koekkoek.
1:12 of 3rd period - Shot by Brad Marchand.
1:12 of 3rd period - Shot Misses the Net.
1:16 of 3rd period - Shot by Oliver Bjorkstrand .
1:16 of 3rd period - Stopped by Jordan Binnington without a rebound.
1:17 of 3rd period - Jared McCann wins face-off versus William Nylander in WASHINGTON Capitals zone.
1:38 of 3rd period - Shot by Jake Gardiner.
1:38 of 3rd period - Stopped by Jordan Binnington without a rebound.
1:39 of 3rd period - Connor McDavid wins face-off versus Frederick Gaudreau in WASHINGTON Capitals zone.
1:44 of 3rd period - Shot by Brad Marchand.
1:44 of 3rd period - Deflect By Connor McDavid.
1:44 of 3rd period - Shot Misses the Net.
1:46 of 3rd period - Shot by Oliver Bjorkstrand .
1:46 of 3rd period - Goal by Oliver Bjorkstrand - WASHINGTON Capitals : 3 - PITTSBURGH Penguins : 2.
1:47 of 3rd period - Mikey Eyssimont wins face-off versus Connor McDavid in neutral zone.
1:50 of 3rd period - Shot by Shea Theodore.
1:50 of 3rd period - Stopped by Jonathan Quick with a rebound.
2:04 of 3rd period - Shot by Oliver Bjorkstrand .
2:04 of 3rd period - Shot Misses the Net.
2:05 of 3rd period - Minor Penalty to Joel Hanley for Tripping.
2:06 of 3rd period - Frederick Gaudreau wins face-off versus William Nylander in WASHINGTON Capitals zone.
2:06 of 3rd period - Alex Pietrangelo is hit by Andrei Svechnikov and loses puck.
2:25 of 3rd period - Shot by William Nylander.
2:25 of 3rd period - Stopped by Jordan Binnington with a rebound.
2:27 of 3rd period - Shot by Andrei Svechnikov.
2:27 of 3rd period - Shot Misses the Net.
2:29 of 3rd period - Shot by William Nylander.
2:29 of 3rd period - Shot Misses the Net.
2:31 of 3rd period - Shot by Anton Lindholm.
2:31 of 3rd period - Shot Misses the Net.
3:15 of 3rd period - Icing by Brad Marchand.
3:16 of 3rd period - Frederick Gaudreau wins face-off versus Connor McDavid in PITTSBURGH Penguins zone.
3:38 of 3rd period - Shot by Connor McDavid.
3:38 of 3rd period - Goal by Connor McDavid - WASHINGTON Capitals : 3 - PITTSBURGH Penguins : 3.
3:39 of 3rd period - Mikey Eyssimont wins face-off versus Ross Colton in neutral zone.
4:08 of 3rd period - Mikey Eyssimont is hit by Ross Colton and loses puck.
4:49 of 3rd period - Shot by Nikita Kucherov.
4:49 of 3rd period - Stopped by Jonathan Quick without a rebound.
4:50 of 3rd period - Connor McDavid wins face-off versus Dryden Hunt in PITTSBURGH Penguins zone.
4:50 of 3rd period - Connor McDavid is hit by Dryden Hunt.
5:02 of 3rd period - Jake Gardiner is hit by Joel Kiviranta and loses puck.
5:20 of 3rd period - Givani Smith is hit by Adam Larsson and loses puck.
5:27 of 3rd period - Shot by Joel Kiviranta.
5:27 of 3rd period - Shot Misses the Net.
5:29 of 3rd period - Shot by Givani Smith.
5:29 of 3rd period - Shot Misses the Net.
5:48 of 3rd period - Minor Penalty to Adam Larsson for Slashing.
5:49 of 3rd period - Frederick Gaudreau wins face-off versus Andrei Svechnikov in PITTSBURGH Penguins zone.
6:06 of 3rd period - Shot by Shea Theodore.
6:06 of 3rd period - Shot Misses the Net.
6:08 of 3rd period - Shot by Shea Theodore.
6:08 of 3rd period - Shot Blocked by Anton Lindholm.
6:30 of 3rd period - Shot by Shea Theodore.
6:30 of 3rd period - Stopped by Jonathan Quick with a rebound.
7:06 of 3rd period - Shot by Aleksander Barkov.
7:06 of 3rd period - Stopped by Jonathan Quick without a rebound.
7:07 of 3rd period - Connor McDavid wins face-off versus Nikita Kucherov in PITTSBURGH Penguins zone.
7:28 of 3rd period - Icing by Aleksander Barkov.
7:29 of 3rd period - Aleksander Barkov wins face-off versus Connor McDavid in WASHINGTON Capitals zone.
7:51 of 3rd period - Shot by William Nylander.
7:51 of 3rd period - Deflect By Andrei Svechnikov.
7:51 of 3rd period - Shot Misses the Net.
7:54 of 3rd period - Icing by Nick Jensen.
7:55 of 3rd period - Frederick Gaudreau wins face-off versus William Nylander in WASHINGTON Capitals zone.
8:14 of 3rd period - Shot by Gustav Nyquist.
8:14 of 3rd period - Deflect By Andrei Svechnikov.
8:14 of 3rd period - Shot Blocked by Alex Pietrangelo.
8:16 of 3rd period - Shot by Andrei Svechnikov.
8:16 of 3rd period - Shot Misses the Net.
8:50 of 3rd period - Icing by Adam Larsson.
8:51 of 3rd period - Aleksander Barkov wins face-off versus Ross Colton in PITTSBURGH Penguins zone.
9:16 of 3rd period - Shot by Brandon Hagel.
9:16 of 3rd period - Stopped by Jonathan Quick without a rebound.
9:17 of 3rd period - Mikey Eyssimont wins face-off versus Connor McDavid in PITTSBURGH Penguins zone.
9:33 of 3rd period - Minor Penalty to Denis Gurianov for Tripping.
9:34 of 3rd period - William Nylander wins face-off versus Frederick Gaudreau in WASHINGTON Capitals zone.
10:28 of 3rd period - Shot by Jake Gardiner.
10:28 of 3rd period - Shot Misses the Net.
11:48 of 3rd period - Shot by Matthew Nieto.
11:48 of 3rd period - Shot Misses the Net.
11:50 of 3rd period - Shot by Anton Lindholm.
11:50 of 3rd period - Stopped by Jordan Binnington without a rebound.
11:51 of 3rd period - Ross Colton wins face-off versus Givani Smith in WASHINGTON Capitals zone.
11:51 of 3rd period - Jake Gardiner is hit by Alex Pietrangelo and loses puck.
13:11 of 3rd period - Shot by Alex Killorn.
13:11 of 3rd period - Shot Misses the Net.
13:13 of 3rd period - Shot by Slater Koekkoek.
13:13 of 3rd period - Shot Blocked by Anton Lindholm.
13:34 of 3rd period - Icing by Sean Walker.
13:35 of 3rd period - Justin Kloos wins face-off versus Mikey Eyssimont in WASHINGTON Capitals zone.
13:35 of 3rd period - Justin Kloos is hit by Slater Koekkoek.
13:38 of 3rd period - Milan Lucic is hit by Sean Walker.
13:44 of 3rd period - Matthew Nieto is hit by Denis Gurianov and loses puck.
13:55 of 3rd period - Matthew Nieto is hit by Aleksander Barkov and loses puck.
14:15 of 3rd period - Icing by Joel Hanley.
14:16 of 3rd period - Aleksander Barkov wins face-off versus William Nylander in WASHINGTON Capitals zone.
14:23 of 3rd period - Adam Larsson is hit by Aleksander Barkov.
14:51 of 3rd period - Shot by Andrei Svechnikov.
14:51 of 3rd period - Stopped by Jordan Binnington without a rebound.
14:52 of 3rd period - Frederick Gaudreau wins face-off versus Connor McDavid in WASHINGTON Capitals zone.
14:52 of 3rd period - Frederick Gaudreau is hit by Brad Marchand.
15:10 of 3rd period - Shot by Jared McCann.
15:10 of 3rd period - Deflect By Frederick Gaudreau.
15:10 of 3rd period - Shot Blocked by Kevin Connauton.
15:12 of 3rd period - Shot by Alex Pietrangelo.
15:12 of 3rd period - Stopped by Jonathan Quick with a rebound.
15:14 of 3rd period - Shot by Frederick Gaudreau.
15:14 of 3rd period - Goal by Frederick Gaudreau - WASHINGTON Capitals : 4 - PITTSBURGH Penguins : 3.
15:15 of 3rd period - Ross Colton wins face-off versus Mikey Eyssimont in neutral zone.
15:52 of 3rd period - Shot by Mikey Eyssimont.
15:52 of 3rd period - Stopped by Jonathan Quick without a rebound.
15:53 of 3rd period - Frederick Gaudreau wins face-off versus Connor McDavid in PITTSBURGH Penguins zone.
15:53 of 3rd period - Joel Hanley is hit by Adam Larsson and loses puck.
16:18 of 3rd period - Shot by Brad Marchand.
16:18 of 3rd period - Shot Misses the Net.
16:32 of 3rd period - Shot by Brad Marchand.
16:32 of 3rd period - Deflect By Oliver Bjorkstrand .
16:32 of 3rd period - Shot Misses the Net.
16:34 of 3rd period - Shot by Oliver Bjorkstrand .
16:34 of 3rd period - Stopped by Jordan Binnington without a rebound.
16:35 of 3rd period - Aleksander Barkov wins face-off versus William Nylander in WASHINGTON Capitals zone.
16:48 of 3rd period - Shot by Gustav Nyquist.
16:48 of 3rd period - Deflect By William Nylander.
16:48 of 3rd period - Shot Blocked by Alex Pietrangelo.
17:01 of 3rd period - Aleksander Barkov is hit by Kevin Connauton and loses puck.
17:18 of 3rd period - Shot by Brandon Hagel.
17:18 of 3rd period - Stopped by Jonathan Quick without a rebound.
17:19 of 3rd period - Mikey Eyssimont wins face-off versus Connor McDavid in PITTSBURGH Penguins zone.
17:40 of 3rd period - Shot by Denis Gurianov.
17:40 of 3rd period - Shot Misses the Net.
17:55 of 3rd period - Brad Marchand is hit by Joel Hanley and loses puck.
18:28 of 3rd period - Shot by Jared McCann.
18:28 of 3rd period - Stopped by Jonathan Quick with a rebound.
18:30 of 3rd period - Shot by Jared McCann.
18:30 of 3rd period - Stopped by Jonathan Quick without a rebound.
18:31 of 3rd period - Aleksander Barkov wins face-off versus Gustav Nyquist in PITTSBURGH Penguins zone.
18:39 of 3rd period - Nikita Kucherov is hit by Kevin Connauton and loses puck.
19:01 of 3rd period - Nikita Kucherov is hit by Kevin Connauton and loses puck.
19:15 of 3rd period - Icing by Anton Lindholm.
19:16 of 3rd period - William Nylander wins face-off versus Aleksander Barkov in PITTSBURGH Penguins zone.
19:21 of 3rd period - PITTSBURGH Penguins, Jonathan Quick is pulled from the net.
Goals for this period are 1 for WASHINGTON Capitals vs 2 for PITTSBURGH Penguins.
Shots for this period are 11 for WASHINGTON Capitals vs 9 for PITTSBURGH Penguins.